 Dungeon Sprint DCSS version 0.27-a0-909-g0721f309d1 (webtiles) character file.

Game seed: 10944746581273521744

384293 EnegeticOcto the Ninja (level 17, 103/129 HPs)
             Began as a Kobold Berserker on Apr 8, 2021.
             Was a High Priest of Trog.
             Escaped with the Orb!
             The game lasted 00:44:41 (6551 turns).

EnegeticOcto the Ninja (Kobold Berserker)           Turns: 6551, Time: 00:44:42

Health: 103/129    AC: 18    Str: 18    XL:     17   Next: 64%
Magic:  15/15      EV: 51    Int: 10    God:    Trog [*****.]
Gold:   4324       SH:  0    Dex: 21    Spells: 16/16 levels left

rFire    + . .     SeeInvis .   y - +7 Spriggan's Knife {stab, EV+4 Stlth+}
rCold    . . .     Faith    .   (shield restricted)
rNeg     . . .     Spirit   .   H - +0 ring mail {rPois}
rPois    +         Reflect  .   Z - +1 helmet "Xiny" {Rampage rF+ Str+4 Dex-3}
rElec    +         Harm     .   C - +1 cloak
rCorr    .         Rampage  +   r - +1 pair of gloves
Will     +....     NoTele   +   Y - +1 pair of boots of Prudence {Fly rElec Will-}
Stlth    ++++......             T - amulet of the acrobat
HPRegen  0.31/turn              V - ring of the Hare {EV+8}
MPRegen  0.14/turn              z - ring "Lef Cues" {*Slow +Blink Will+ EV+4 Dex+4}

@: flying, hasted (expiring), very quick
A: small, no large weapons, nightstalker 3, low mp 1, mutation resistance 1
0: Orb of Zot
a: Renounce Religion, Evoke Blink, Berserk, Trog's Hand, Brothers in Arms


You escaped.
You worshipped Trog.
Trog was extremely pleased with you.
You visited 1 branch You collected 9486 gold pieces.
You spent 5162 gold pieces at shops.

Inventory:

Hand Weapons
 a - a +1 short sword
 b - a +6 vorpal rapier
   (Trog gifted it to you in the Dungeon)
 q - a +1 dagger
   (You found it in the Dungeon)
 w - the +5 short sword "Wavuorgh" {vorpal, rF- Will- SInv Stlth+}
   (Trog gifted it to you in the Dungeon)

   It inflicts extra damage upon your enemies.
   It makes you vulnerable to fire.
   It lets you see invisible.
   It decreases your willpower.
   It makes you more stealthy.
 y - the +7 Spriggan's Knife (weapon) {stab, EV+4 Stlth+}
   (You found it in the Dungeon)

   It affects your evasion (+4).
   It makes you more stealthy.
 A - a +6 vorpal scimitar
   (Trog gifted it to you in the Dungeon)
 G - a +9 antimagic rapier
   (Trog gifted it to you in the Dungeon)
 L - a +2 vorpal dagger
   (Trog gifted it to you in the Dungeon)
 N - the +11 demon blade of Impermanence {flame, rC+ Dex+4}
   (Trog gifted it to you in the Dungeon)

   It has been specially enchanted to burn those struck by it, causing extra
   injury to most foes and up to half again as much damage against particularly
   susceptible opponents.
   Big, fiery blades are also staple armaments of hydra-hunters.
   It affects your dexterity (+4).
   It protects you from cold.
Missiles
 M - 5 curare-tipped darts (quivered)
Armour
 h - a +1 scale mail of fire resistance
   (You bought it in a shop in the Dungeon)
 n - the +0 helmet of Tempters {rPois rCorr Stlth+}
   (You acquired it in the Dungeon)

   It protects you from poison.
   It protects you from acid and corrosion.
   It makes you more stealthy.
 r - a +1 pair of gloves (worn)
   (You found it in the Dungeon)
 t - the +1 ice dragon scales "Dasupen" {rElec rF- rC++ Str+2 SInv}
   (You found it in the Dungeon)

   It affects your strength (+2).
   It makes you vulnerable to fire.
   It greatly protects you from cold.
   It insulates you from electricity.
   It lets you see invisible.
 B - a +2 pair of boots of stealth
   (You bought it in a shop in the Dungeon)
 C - a +1 cloak (worn)
   (You bought it in a shop in the Dungeon)
 H - a +0 ring mail of poison resistance (worn)
   (You bought it in a shop in the Dungeon)
 Y - the +1 pair of boots of Prudence (worn) {Fly rElec Will-}
   (You found it in the Dungeon)

   It insulates you from electricity.
   It grants you flight.
   It decreases your willpower.
 Z - the +1 helmet "Xiny" (worn) {Rampage rF+ Str+4 Dex-3}
   (You acquired it in the Dungeon)

   It affects your strength (+4).
   It affects your dexterity (-3).
   It protects you from fire.
   It bestows one free step when moving towards enemies.
Jewellery
 j - an amulet of guardian spirit
   (You bought it in a shop in the Dungeon)
 k - a ring of flight
   (You bought it in a shop in the Dungeon)
 v - a ring of magical power
   (You found it in the Dungeon)
 z - the ring "Lef Cues" (right hand) {*Slow +Blink Will+ EV+4 Dex+4}
   (You bought it in a shop in the Dungeon)

   [ring of evasion]

   It affects your evasion (+4).
   It affects your dexterity (+4).
   It lets you blink.
   It may slow you when you take damage.
   It increases your willpower.
 O - the amulet "Icolamax" {Faith Will- Int+5 Dex+4}
   (You found it in the Dungeon)

   [amulet of faith]

   It allows you to gain divine favour quickly.
   It affects your intelligence (+5).
   It affects your dexterity (+4).
   It decreases your willpower.
 Q - a ring of ice
   (You found it in the Dungeon)
 R - a ring of fire
   (You bought it in a shop in the Dungeon)
 T - an amulet of the acrobat (around neck)
   (You bought it in a shop in the Dungeon)
 V - the ring of the Hare (left hand) {EV+8}
   (You found it in the Dungeon)

   [ring of evasion]

   It affects your evasion (+8).
Wands
 i - a wand of paralysis (6)
   (You bought it in a shop in the Dungeon)
 J - a wand of iceblast (10) {@v2}
   (You took it off Nessos in the Dungeon)
 S - a wand of acid (6) {@v1}
   (You bought it in a shop in the Dungeon)
Scrolls
 l - 3 scrolls of identify {@r1}
 s - 3 scrolls of fog {!r}
 x - a scroll of silence
 D - 2 scrolls of holy word
 E - 2 scrolls of immolation
 W - a scroll of blinking {@r4}
Potions
 c - 2 potions of curing {@q1 !q}
 d - 5 potions of heal wounds {@q2 !q}
 e - 8 potions of haste {@q4 !q}
 f - 23 potions of magic
 g - a potion of berserk rage
 m - 26 potions of mutation
 o - a potion of lignification {@q6}
 p - 4 potions of resistance
 u - 15 potions of flight
 F - 2 potions of cancellation
 I - a potion of might {@q3 !q}
 P - a potion of brilliance
 U - a potion of attraction
Miscellaneous
 K - a lightning rod (4/4)
   (You found it in the Dungeon)
 X - a condenser vane
   (You found it in the Dungeon)


   Skills:
 * Level 22.7 Fighting
 - Level 13.2 Short Blades
 + Level 14.1 Armour
 O Level 27 Dodging
 O Level 27 Stealth
 - Level 8.0 Evocations


You had 16 spell levels left.
You didn't know any spells.
Your spell library was empty.

Dungeon Overview and Level Annotations

Branches:
Dungeon (1/1)

Altars:
Cheibriados
Dithmenos
Elyvilon
Fedhas
Gozag
Hepliaklqana
Kikubaaqudgha
Makhleb
Nemelex Xobeh
Okawaru
Qazlal
Ru
Sif Muna
Trog
Uskayaw
Vehumet
Wu Jian
Xom
Yredelemnul
Zin
The Shining One
Beogh
Jiyva
Lugonu

Shops:
D [=(:![[!(=!?[**?=(([!=!(=:[(=?::[*

Annotations:
D Roxanne


Innate Abilities, Weirdness & Mutations

You are small and have problems with some larger weapons.
You are completely attuned to the shadows.
Your magical capacity is low. (-10% MP)
You are somewhat resistant to further mutation.


Message History

F - 2 potions of cancellation (gained 1)
You now have 2824 gold pieces (gained 81).
You see here 31 stones.
You now have 2905 gold pieces (gained 81).
You see here 10 bolts.
Drop what? 52/52 slots (_ for help) (? for menu, Esc to quit)
You drop a +0 troll leather armour.
You see here the +7 Spriggan's Knife {stab, EV+4 Stlth+}.
You feel magic returning to you.
y - the +7 Spriggan's Knife (weapon)
{stab, EV+4 Stlth+} You see here 8 atropa-tipped darts.
You reach down and open the large door.
There is a large open door here.
The helpless deep elf master archer fails to defend itself.
You perforate the deep elf master archer like a sieve!!!!!!
You kill the deep elf master archer!
Trog accepts your kill.
Your Armour skill increases to level 14!
Things that are here:
a +0 longbow; 58 arrows; a +0 leather armour
There is a large open door here.
You see here 31 stones.
Things that are here:
a yak corpse; a hell hog corpse Really fly into a travel-excluded area?
There is an open door here.
Things that are here:
a +1 vorpal rapier; a redback corpse You see here a redback corpse.
Something appears at your feet! Something appears at your feet!
Something appears at your feet! Something appears at your feet!
Z - the +1 helmet "Xiny" {Rampage rF+ Str+4 Dex-3} You now have 4324 gold pieces (gained 1419).
You can't carry that many items.
You start removing your armour.
You continue taking off your +0 helmet. x4
You finish taking off your +0 helmet.
You start putting on your armour.
You continue putting on the +1 helmet "Xiny" {Rampage rF+ Str+4 Dex-3}. x5
You finish putting on the +1 helmet "Xiny" {Rampage rF+ Str+4 Dex-3}.
You feel stronger.
You feel clumsy.
You feel ready to rampage towards enemies.
Drop what? 52/52 slots (_ for help) (? for menu, Esc to quit)
You drop a +0 helmet.
n - the +0 helmet of Tempters {rPois rCorr Stlth+} This door is marked as excluded!
Open it anyway?
You reach down and open the door.
You are engulfed in dark miasma.
There is an open door here.
Really fly into that cloud of foul pestilence?
You are engulfed in dark miasma.
You feel yourself slow down.
There is an open door here.
There is an open door, spattered with blood here.
Things that are here:
a +1 great sword; a +1 chain mail of fire resistance You start resting.
You feel yourself speed up.
You start resting.
HP restored.
Magic restored.
You see here the Orb of Zot.
Really quaff
e - 9 potions of haste {@q4 !q}?
You feel yourself speed up.
You pick up the Orb of Zot!
The Orb lets out a hideous shriek!
The lords of Pandemonium are not amused.
Beware!
Now all you have to do is get back out of the dungeon!
Really fly into a travel-excluded area?
There is an open door, spattered with blood here.
Things that are here:
a +1 great sword; a +1 chain mail of fire resistance
There is an open door here.
You are engulfed in dark miasma.
You are poisoned.
You feel very sick.
There is an open door here.
You feel very sick.
You feel sick.
You feel sick.
Really fly into that cloud of foul pestilence?
Okay, then.
You feel sick.
You feel sick.
You feel sick.
You feel sick.
You feel sick.
You feel sick.
Really fly into that net trap?
You avoid being caught in a net.
You feel sick.
There is a net trap here.
You feel sick.
Really fly into a travel-excluded area?
You feel sick.
You feel sick.
You feel sick.
You are no longer poisoned.
There is an open door here.
Your extra speed is starting to run out.
There is an open door here.
There is a staircase leading out of the dungeon here.
You have escaped!

##########)≈#+++#+++#####....#.##
#########≈≈[.........#..'...^#°.#
.......∩#≈≈≈≈.##'##..#..####.#..#
∩.....∩.#≈≈≈≈##.#.##.####..'.##.#
.∩...∩.∩#≈≈≈≈#..#..#....#..#...##
..∩.∩.∩.#≈≈####.#.####..#####..##
.∩.∩.∩..#≈##.###'###.##..#..'..#.
..∩.∩...#≈#...##.##...#..#..#^^#.
...⌠....'≈'##.'.@.'.##'..####.^##
........#≈#...##.####.#....###...
▓▓▓▓▓▓###≈##.###'# #.##.)....≈≈≈≈
)..######≈≈#####.#####≈≈....§≈#'#
(..#..'.##≈≈≈#..#..#≈≈≈≈≈≈≈..§#.)
∩..'..#+##'#≈##.#.##≈≈≈≈≈≈≈≈§§#_.
...#)##≈##(#≈≈##'##○≈≈§≈≈≈≈≈≈≈#._
)..###§§§####≈≈○≈≈≈≈≈≈§≈§≈§§§≈#_.
#)###§§§§≈#,#'○'#'''#°§≈§§≈≈≈≈#._


There were no monsters in sight!

Vanquished Creatures
  A royal mummy (D)
  the Lernaean hydra (D)
  A curse toe (D)
  An electric golem (D)
  A hellephant (D)
  A deep elf blademaster (D)
  2 quicksilver dragons (D)
  A deep elf master archer (D)
  Gastronok (D)
  Murray (D)
  2 sphinxes (D)
  A kraken (D)
  Kirke (D)
  A storm dragon (D)
  A draconian knight (D)
  A draconian shifter (D)
  Nessos (D)
  3 lorocyprocas (D)
  A dire elephant (D)
  A yaktaur captain (D)
  A fire dragon (D)
  2 boulder beetles (D)
  A centaur warrior (D)
  An iron elemental (D)
  A death yak (D)
  A hell hog (D)
  An iron golem (D)
  Sonja (D)
  3 sixfirhies (D)
  A skeletal warrior (D)
  A deep troll (D)
  An obsidian statue (D)
  An orange crystal statue (D)
  A glowing orange brain (D)
  A harpy (D)
  7 shining eyes (D)
  An oklob plant (D)
  3 orc sorcerers (D)
  3 manticores (D)
  3 toenail golems (D)
  An elephant (D)
  An eye of devastation (D)
  2 cane toads (D)
  2 unseen horrors (D)
  A yaktaur (D)
  5 polar bears (D)
  3 slime creatures (D)
  A blink frog (D)
  A hornet (D)
  A redback (D)
  15 flying skulls (D)
  A golden eye (D)
  3 wyverns (D)
  Menkaure (D)
  7 water moccasins (D)
  6 floating eyes (D)
  3 black bears (D)
  5 necrophages (D)
  4 scorpions (D)
  2 earth elementals (D)
  4 lava snakes (D)
  A jelly (D)
  4 orc priests (D)
  An iron imp (D)
  3 worms (D)
  A spectral bat (D)
  A ballistomycete spore (D)
  3 tentacles (D)
142 creatures vanquished.

Vanquished Creatures (collateral kills)
  Gloorx Vloq (D)
  A golden dragon (D)
  A bone dragon (D)
  A quicksilver dragon (D)
  A frost giant (D)
  A cacodemon (D)
  A vampire knight (D)
  A crystal guardian (D)
  A deep elf high priest (D)
  An ice dragon (D)
  A hell hog (D)
  2 death drakes (D)
  A deep troll (D)
  8 shining eyes (D)
  A kobold demonologist (D)
  3 flying skulls (D)
  A redback (D)
  3 yaks (D)
  4 floating eyes (D)
  2 swamp drakes (D)
  A spectral giant cockroach (D)
37 creatures vanquished.

Vanquished Creatures (others)
  A ballistomycete spore (D)
  A tentacle (D)
2 creatures vanquished.

Grand Total: 181 creatures vanquished

Notes
Turn   | Place    | Note
-------+----------+-------------------------------------------
     0 | D        | EnegeticOcto the Kobold Berserker began the quest for the
                  | Orb.
     0 | D        | Reached XP level 1. HP: 14/14 MP: 1/1
     1 | D        | Noticed a scorpion
     1 | D        | Noticed a scorpion
     1 | D        | Noticed a scorpion
     1 | D        | Noticed a scorpion
     8 | D        | Killed a scorpion
     9 | D        | Reached skill level 6 in Short Blades
     9 | D        | Reached skill level 8 in Stealth
     9 | D        | Reached XP level 2. HP: 19/19 MP: 2/2
     9 | D        | Reached XP level 3. HP: 23/23 MP: 3/3
     9 | D        | Reached XP level 4. HP: 28/28 MP: 4/4
    15 | D        | Killed a scorpion
    16 | D        | Reached skill level 8 in Short Blades
    16 | D        | Reached skill level 10 in Stealth
    16 | D        | Reached XP level 5. HP: 32/32 MP: 5/5
    22 | D        | Reached ** piety under Trog
    23 | D        | Reached skill level 9 in Short Blades
    23 | D        | Reached skill level 12 in Stealth
    31 | D        | Reached skill level 13 in Stealth
    31 | D        | Reached XP level 6. HP: 12/37 MP: 6/6
    45 | D        | Noticed an obsidian statue
    52 | D        | Found Qakohad's Book Emporium.
    53 | D        | Found Haybum's Weapon Emporium.
    55 | D        | Found Zaupa's Jewellery Emporium.
    55 | D        | Found Ewiud's Distillery.
    55 | D        | Found Kethrae's Magic Scroll Emporium.
    55 | D        | Found Zoifat's Jewellery Shoppe.
    56 | D        | Found Duomm's Antique Weapon Shoppe.
    56 | D        | Found Cousemaen's Antique Armour Shoppe.
    57 | D        | Found Sumat's General Store.
    57 | D        | Found Plog's Antique Armour Emporium.
    57 | D        | Found Gusaf's Jewellery Shoppe.
    59 | D        | Found Kuf Focs's Armour Shoppe.
    59 | D        | Found Fufablue's Distillery.
    60 | D        | Found Miklesil's Antique Weapon Emporium.
    66 | D        | Noticed a death yak
    67 | D        | Bought a wand of paralysis (11) for 143 gold pieces
    80 | D        | Bought a scroll of fog for 22 gold pieces
    84 | D        | Noticed a water moccasin
   105 | D        | Killed a water moccasin
   106 | D        | Reached skill level 10 in Short Blades
   106 | D        | Reached skill level 14 in Stealth
   195 | D        | Noticed a necrophage
   195 | D        | Noticed a necrophage
   195 | D        | Noticed a necrophage
   195 | D        | Noticed a necrophage
   201 | D        | Killed a necrophage
   202 | D        | Reached skill level 11 in Short Blades
   202 | D        | Reached skill level 15 in Stealth
   202 | D        | Reached XP level 7. HP: 41/41 MP: 7/7
   205 | D        | Reached *** piety under Trog
   210 | D        | Reached skill level 16 in Stealth
   213 | D        | Reached skill level 12 in Short Blades
   260 | D        | Bought a ring of flight for 175 gold pieces
   263 | D        | Bought a scroll of identify for 22 gold pieces
   263 | D        | Bought a potion of attraction for 33 gold pieces
   280 | D        | Noticed a boulder beetle
   280 | D        | Noticed a boulder beetle
   286 | D        | Reached **** piety under Trog
   302 | D        | Found a glowing golden altar of the Shining One.
   303 | D        | Found a shimmering altar of Xom.
   304 | D        | Found a basalt altar of Yredelemnul.
   305 | D        | Found a glowing silver altar of Zin.
   306 | D        | Found a hide-covered altar of Uskayaw.
   306 | D        | Found a bloodstained altar of Trog.
   307 | D        | Found a radiant altar of Vehumet.
   307 | D        | Found a burning altar of Makhleb.
   308 | D        | Found a sparkling altar of Nemelex Xobeh.
   309 | D        | Found an iron altar of Okawaru.
   309 | D        | Found an opulent altar of Gozag.
   318 | D        | Noticed a kraken
   356 | D        | Found the ring of the Hare {EV+8}
   419 | D        | Gained mutation: You occasionally shout uncontrollably at
                  | your foes. [potion of mutation]
   419 | D        | Gained mutation: Your mind is acute. (Int +2) [potion of
                  | mutation]
   419 | D        | Gained mutation: You are somewhat resistant to further
                  | mutation. [potion of mutation]
   428 | D        | Found a blossoming altar of Fedhas.
   429 | D        | Noticed a water moccasin
   429 | D        | Found a white marble altar of Elyvilon.
   429 | D        | Noticed a water moccasin
   433 | D        | Noticed a water moccasin
   443 | D        | Killed a water moccasin
   444 | D        | Reached skill level 17 in Stealth
   444 | D        | Reached XP level 8. HP: 46/46 MP: 8/8
   452 | D        | Reached skill level 13 in Short Blades
   454 | D        | Reached ***** piety under Trog
   455 | D        | Reached skill level 18 in Stealth
   485 | D        | Noticed a flying skull
   486 | D        | Noticed a flying skull
   489 | D        | Found a shadowy altar of Dithmenos.
   490 | D        | Found a snail-covered altar of Cheibriados.
   491 | D        | Found a viscous altar of Jiyva.
   492 | D        | Found a hazy altar of Hepliaklqana.
   493 | D        | Found a stormy altar of Qazlal.
   525 | D        | Noticed a hornet
   525 | D        | Noticed a polar bear
   525 | D        | Noticed a polar bear
   525 | D        | Noticed a polar bear
   544 | D        | Killed a polar bear
   545 | D        | Reached skill level 4 in Fighting
   545 | D        | Reached skill level 3 in Dodging
   545 | D        | Reached skill level 2 in Evocations
   554 | D        | Killed a polar bear
   555 | D        | Reached skill level 5 in Fighting
   555 | D        | Reached skill level 4 in Dodging
   555 | D        | Reached skill level 4 in Evocations
   611 | D        | Killed a polar bear
   612 | D        | Reached skill level 5 in Dodging
   612 | D        | Reached skill level 5 in Evocations
   612 | D        | Reached XP level 9. HP: 55/55 MP: 9/9
   619 | D        | Killed a hornet
   620 | D        | Reached skill level 6 in Fighting
   620 | D        | Reached skill level 6 in Dodging
   620 | D        | Reached skill level 19 in Stealth
   654 | D        | Noticed a yaktaur
   672 | D        | Killed a yaktaur
   673 | D        | Reached skill level 6 in Evocations
   779 | D        | Killed an unseen horror
   780 | D        | Reached skill level 7 in Fighting
   780 | D        | Reached skill level 7 in Dodging
   846 | D        | Noticed a death drake
   852 | D        | Killed a death drake
   853 | D        | Reached skill level 8 in Fighting
   853 | D        | Reached skill level 8 in Dodging
   855 | D        | Reached skill level 20 in Stealth
   862 | D        | Noticed a death drake
   863 | D        | Noticed a crystal guardian
   865 | D        | Killed a death drake
   866 | D        | Reached skill level 9 in Dodging
   866 | D        | Reached XP level 10. HP: 65/65 MP: 10/10
   866 | D        | Killed a crystal guardian
   867 | D        | Reached skill level 9 in Fighting
   885 | D        | Found an ornate altar of the Wu Jian Council.
   885 | D        | Found a shimmering blue altar of Sif Muna.
   902 | D        | Killed a boulder beetle
   903 | D        | Reached skill level 10 in Fighting
   903 | D        | Reached skill level 10 in Dodging
   903 | D        | Reached skill level 21 in Stealth
   908 | D        | Killed a boulder beetle
   909 | D        | Reached skill level 12 in Dodging
   913 | D        | Noticed Menkaure
   919 | D        | Killed Menkaure
   968 | D        | Bought a potion of resistance for 100 gold pieces
   978 | D        | Bought an amulet of guardian spirit for 420 gold pieces
   985 | D        | Bought a scroll of enchant weapon for 82 gold pieces
   985 | D        | Bought a scroll of magic mapping for 38 gold pieces
   985 | D        | Bought a scroll of silence for 82 gold pieces
   985 | D        | Bought a scroll of enchant armour for 82 gold pieces
   985 | D        | Bought a scroll of blinking for 82 gold pieces
  1067 | D        | Noticed Roxanne
  1070 | D        | Identified the +1 ice dragon scales "Dasupen" {rElec rF-
                  | rC++ Str+2 SInv}
  1074 | D        | Found a sacrificial altar of Ru.
  1106 | D        | Identified the +5 short sword "Wavuorgh" {vorpal, rF- Will-
                  | SInv Stlth+} (Trog gifted it to you in the Dungeon)
  1106 | D        | Received a gift from Trog
  1143 | D        | Reached skill level 22 in Stealth
  1144 | D        | Reached XP level 11. HP: 73/73 MP: 11/11
  1189 | D        | Noticed a deep troll
  1189 | D        | Noticed a deep troll
  1193 | D        | Killed a deep troll
  1194 | D        | Reached skill level 11 in Fighting
  1194 | D        | Reached skill level 13 in Dodging
  1195 | D        | Killed a deep troll
  1234 | D        | Noticed a sphinx
  1234 | D        | Noticed a sphinx
  1257 | D        | Killed a sphinx
  1258 | D        | Reached skill level 12 in Fighting
  1258 | D        | Reached skill level 14 in Dodging
  1258 | D        | Reached skill level 23 in Stealth
  1259 | D        | Killed a sphinx
  1259 | D        | Received a gift from Trog
  1329 | D        | Bought a scroll of acquirement for 572 gold pieces
  1329 | D        | Acquired 894 gold pieces
  1333 | D        | Bought the ring "Lef Cues" {*Slow +Blink Will+ EV+4 Dex+4}
                  | for 584 gold pieces
  1346 | D        | Noticed a centaur warrior
  1346 | D        | Noticed Kirke
  1346 | D        | Noticed a skeletal warrior
  1346 | D        | Noticed a yaktaur captain
  1347 | D        | Noticed an elephant
  1356 | D        | Killed Kirke
  1357 | D        | Reached skill level 13 in Fighting
  1357 | D        | Reached skill level 15 in Dodging
  1358 | D        | Killed a yaktaur captain
  1365 | D        | Noticed a shining eye
  1367 | D        | Killed a centaur warrior
  1368 | D        | Reached skill level 7 in Evocations
  1368 | D        | Reached XP level 12. HP: 84/84 MP: 9/12
  1391 | D        | Killed a skeletal warrior
  1391 | D        | Reached ****** piety under Trog
  1393 | D        | Reached skill level 24 in Stealth
  1393 | D        | Reached skill level 8 in Evocations
  1396 | D        | Received a gift from Trog
  1404 | D        | Reached skill level 14 in Fighting
  1417 | D        | Reached skill level 16 in Dodging
  1463 | D        | Received a gift from Trog
  1468 | D        | Noticed a fire dragon
  1471 | D        | Killed a fire dragon
  1589 | D        | Found Keteikh's Armour Emporium.
  1589 | D        | Found Egoaneth's Jewellery Shop.
  1590 | D        | Found Baumaob's Distillery.
  1590 | D        | Found Gaxu Eru's Distillery.
  1590 | D        | Found Himin's Magic Scroll Boutique.
  1590 | D        | Found Lore's Weapon Emporium.
  1590 | D        | Found Keutture's Armour Shoppe.
  1590 | D        | Found Ywaesepp's Magic Scroll Boutique.
  1590 | D        | Found Culaem's Jewellery Emporium.
  1590 | D        | Found Ynio's Antique Armour Shop.
  1591 | D        | Found Lioch's Distillery.
  1591 | D        | Found Zaifeth Vefo's Weapon Shoppe.
  1603 | D        | Bought a pair of embroidered boots for 127 gold pieces
  1613 | D        | Bought a glowing cloak for 127 gold pieces
  1627 | D        | Bought 2 potions of mutation for 176 gold pieces
  1627 | D        | Bought a potion of lignification for 33 gold pieces
  1629 | D        | Bought a scroll of fog for 24 gold pieces
  1629 | D        | Bought a scroll of holy word for 90 gold pieces
  1630 | D        | Bought a scroll of fog for 22 gold pieces
  1630 | D        | Bought a scroll of immolation for 38 gold pieces
  1636 | D        | Bought a potion of cancellation for 88 gold pieces
  1636 | D        | Bought a potion of lignification for 33 gold pieces
  1636 | D        | Bought a potion of attraction for 33 gold pieces
  1636 | D        | Bought a potion of curing for 33 gold pieces
  1658 | D        | Received a gift from Trog
  1671 | D        | Reached skill level 15 in Fighting
  1671 | D        | Reached skill level 2 in Armour
  1673 | D        | Reached skill level 17 in Dodging
  1676 | D        | Reached skill level 25 in Stealth
  1724 | D        | Noticed a golden dragon
  1739 | D        | Killed a golden dragon
  1740 | D        | Reached skill level 3 in Armour
  1740 | D        | Noticed a cacodemon
  1751 | D        | Killed a cacodemon
  1752 | D        | Reached skill level 4 in Armour
  1829 | D        | Received a gift from Trog
  1842 | D        | Noticed a bone dragon
  1851 | D        | Noticed a storm dragon
  1861 | D        | Killed a storm dragon
  1862 | D        | Reached XP level 13. HP: 92/92 MP: 4/13
  1986 | D        | Killed a bone dragon
  1987 | D        | Reached skill level 5 in Armour
  1987 | D        | Reached skill level 18 in Dodging
  1988 | D        | Noticed a deep elf high priest
  1992 | D        | Killed a deep elf high priest
  2033 | D        | Noticed a deep elf master archer
  2093 | D        | Noticed a frost giant
  2109 | D        | Killed a frost giant
  2110 | D        | Reached skill level 6 in Armour
  2110 | D        | Reached skill level 26 in Stealth
  2111 | D        | Found a corrupted altar of Lugonu.
  2112 | D        | Found an ancient bone altar of Kikubaaqudgha.
  2339 | D        | Bought a +0 ring mail of poison resistance for 88 gold
                  | pieces
  2624 | D        | Noticed a storm dragon
  2626 | D        | Found Hietytryuro's Assorted Antiques.
  2626 | D        | Found Pun Verugea's Antique Armour Shoppe.
  2626 | D        | Noticed a golden dragon
  2971 | D        | Reached skill level 7 in Armour
  2982 | D        | Gained mutation: Armour fits poorly on your strangely
                  | shaped body. [mutagenic glow]
  2994 | D        | Received a gift from Trog
  3001 | D        | Reached skill level 19 in Dodging
  3008 | D        | Gained mutation: Your magical capacity is low. (-10% MP)
                  | [mutagenic glow]
  3020 | D        | Gained mutation: You are frail. (-10% HP) [mutagenic glow]
  3045 | D        | Found Jaol's Book Shoppe.
  3217 | D        | Reached skill level 8 in Armour
  3261 | D        | Noticed a green draconian knight
  3263 | D        | Killed a green draconian knight
  3263 | D        | Received a gift from Trog
  3268 | D        | Noticed the 27-headed Lernaean hydra
  3278 | D        | Reached skill level 27 in Stealth
  3287 | D        | Killed the 27-headed Lernaean hydra
  3288 | D        | Reached skill level 10 in Armour
  3288 | D        | Reached skill level 20 in Dodging
  3293 | D        | Found Luegokuz's Antique Weapon Shoppe.
  3318 | D        | Identified the +2 chain mail of Cloud Cover {Str+4}
  3322 | D        | Identified the +6 plate armour of Responsibility {rN+}
  3324 | D        | Found Otica Rov's Book Boutique.
  3324 | D        | Found Zeossofedo's Book Shoppe.
  3424 | D        | Lost mutation: Your mind is acute. (Int +2) [potion of
                  | mutation]
  3424 | D        | Lost mutation: Armour fits poorly on your strangely shaped
                  | body. [potion of mutation]
  3425 | D        | Lost mutation: You occasionally shout uncontrollably at
                  | your foes. [potion of mutation]
  3479 | D        | Killed a kraken
  3479 | D        | Received a gift from Trog
  3480 | D        | Reached skill level 21 in Dodging
  3480 | D        | Reached XP level 14. HP: 88/88 MP: 4/12
  3545 | D        | Noticed a hellephant
  3549 | D        | Noticed a purple draconian shifter
  3557 | D        | Noticed Sonja
  3563 | D        | Killed a hellephant
  3564 | D        | Reached skill level 22 in Dodging
  3617 | D        | Killed Sonja
  3633 | D        | Killed a purple draconian shifter
  3702 | D        | Identified the +11 demon blade of Impermanence {flame, rC+
                  | Dex+4} (Trog gifted it to you in the Dungeon)
  3702 | D        | Received a gift from Trog
  3711 | D        | Noticed a deep elf blademaster
  3714 | D        | Killed a deep elf blademaster
  3715 | D        | Reached skill level 23 in Dodging
  3729 | D        | Reached skill level 24 in Dodging
  3733 | D        | Received a gift from Trog
  3748 | D        | Received a gift from Trog
  3777 | D        | Gained mutation: Armour fits poorly on your strangely
                  | shaped body. [a shining eye]
  3786 | D        | Reached skill level 25 in Dodging
  3801 | D        | Identified the amulet "Icolamax" {Faith Will- Int+5 Dex+4}
  3832 | D        | Lost mutation: You are frail. (-10% HP) [potion of
                  | mutation]
  3832 | D        | Lost mutation: Armour fits poorly on your strangely shaped
                  | body. [potion of mutation]
  3832 | D        | Lost mutation: You are somewhat resistant to further
                  | mutation. [potion of mutation]
  3832 | D        | Gained mutation: You are clumsy. (Dex -2) [potion of
                  | mutation]
  3832 | D        | Gained mutation: Your muscles are strong. (Str +2) [potion
                  | of mutation]
  3832 | D        | Gained mutation: Your flesh is cold resistant. (rC+)
                  | [potion of mutation]
  3833 | D        | Lost mutation: Your muscles are strong. (Str +2) [potion of
                  | mutation]
  3833 | D        | Lost mutation: Your flesh is cold resistant. (rC+) [potion
                  | of mutation]
  3833 | D        | Lost mutation: You are clumsy. (Dex -2) [potion of
                  | mutation]
  3833 | D        | Gained mutation: You are somewhat resistant to further
                  | mutation. [potion of mutation]
  4319 | D        | Bought a steaming scale mail for 216 gold pieces
  4319 | D        | Identified the +0 scale mail of Slimy Brilliance {+Blink
                  | Dex+2} (You bought it in a shop in the Dungeon)
  4321 | D        | Bought a +1 scale mail of fire resistance for 160 gold
                  | pieces
  4563 | D        | Identified the +5 flail of Contradiction {vorpal, *Corrode
                  | Fly Str+5 SInv}
  4564 | D        | Noticed a dire elephant
  4565 | D        | Received a gift from Trog
  4571 | D        | Killed a dire elephant
  4585 | D        | Identified the +6 plate armour "Ipad" {rElec Slay+3}
  4597 | D        | Reached skill level 16 in Fighting
  4597 | D        | Reached XP level 15. HP: 104/104 MP: 4/13
  4598 | D        | Reached XP level 16. HP: 111/111 MP: 4/14
  4619 | D        | Noticed Gastronok
  4621 | D        | Killed Gastronok
  4625 | D        | Received a gift from Trog
  4626 | D        | Reached skill level 17 in Fighting
  4654 | D        | Found Boasakh's Assorted Antiques.
  4655 | D        | Found Ylukeil's Jewellery Shoppe.
  4657 | D        | Noticed Nessos
  4661 | D        | Killed Nessos
  4670 | D        | Bought a runed silver wand for 124 gold pieces
  4671 | D        | Acquired 982 gold pieces
  4674 | D        | Bought a small ivory ring for 155 gold pieces
  4689 | D        | Bought an amulet of the acrobat for 330 gold pieces
  4874 | D        | Noticed a quicksilver dragon
  4879 | D        | Killed a quicksilver dragon
  4880 | D        | Reached skill level 11 in Armour
  4900 | D        | Noticed a quicksilver dragon
  4909 | D        | Killed a quicksilver dragon
  4909 | D        | Received a gift from Trog
  4910 | D        | Reached skill level 18 in Fighting
  4947 | D        | Reached skill level 26 in Dodging
  5028 | D        | Noticed a quicksilver dragon
  5032 | D        | Killed a quicksilver dragon
  5033 | D        | Reached XP level 17. HP: 120/120 MP: 15/15
  5184 | D        | Bought a potion of attraction for 33 gold pieces
  5184 | D        | Bought 2 potions of heal wounds for 110 gold pieces
  5188 | D        | Bought a potion of heal wounds for 55 gold pieces
  5188 | D        | Bought a potion of lignification for 33 gold pieces
  5188 | D        | Bought a potion of attraction for 33 gold pieces
  5188 | D        | Bought 2 potions of haste for 220 gold pieces
  5192 | D        | Bought a scroll of enchant weapon for 82 gold pieces
  5192 | D        | Bought a scroll of blinking for 82 gold pieces
  5193 | D        | Bought a scroll of enchant weapon for 90 gold pieces
  5193 | D        | Bought a scroll of enchant weapon for 90 gold pieces
  5364 | D        | Noticed Murray
  5379 | D        | Killed Murray
  5380 | D        | Reached skill level 19 in Fighting
  5517 | D        | Noticed a royal mummy
  5531 | D        | Noticed a curse toe
  5533 | D        | Killed a royal mummy
  5533 | D        | Received a gift from Trog
  5534 | D        | Reached skill level 12 in Armour
  5534 | D        | Killed a curse toe
  5535 | D        | Reached skill level 20 in Fighting
  5536 | D        | Noticed Gloorx Vloq
  5544 | D        | Killed Gloorx Vloq
  5545 | D        | Reached skill level 21 in Fighting
  5545 | D        | Reached skill level 13 in Armour
  5545 | D        | Reached skill level 27 in Dodging
  5855 | D        | Identified the +2 chain mail of the Green Cockatrice {Harm
                  | rC- Regen+ Stlth-}
  5856 | D        | Identified the +1 pair of boots of Prudence {Fly rElec
                  | Will-}
  6090 | D        | Noticed an electric golem
  6145 | D        | Killed an electric golem
  6145 | D        | Identified the +9 broad axe of Anox {vorpal, *Slow rElec
                  | Int+3 Dex+8} (Trog gifted it to you in the Dungeon)
  6145 | D        | Received a gift from Trog
  6172 | D        | Reached skill level 22 in Fighting
  6367 | D        | Found the +7 Spriggan's Knife {stab, EV+4 Stlth+}
  6383 | D        | Received a gift from Trog
  6449 | D        | Killed a deep elf master archer
  6450 | D        | Reached skill level 14 in Armour
  6458 | D        | Acquired the +1 helmet "Xiny" {Rampage rF+ Str+4 Dex-3}
  6459 | D        | Acquired 778 gold pieces
  6460 | D        | Acquired 641 gold pieces
  6461 | D        | Acquired the +0 helmet of Tempters {rPois rCorr Stlth+}
  6510 | D        | Got the Orb of Zot
  6551 | D        | Escaped with the Orb!

Illustrated notes

Levels and vault maps discovered:
D:        the_violet_keep_of_menkaure [sprint2_stairs_cluster_1,
          sprint2_shoproom, sprint2_temple, sprint2_basic_supplies,
          sprint2_obstacle_3, sprint2_obstacle_6, sprint2_obstacle_1,
          sprint2_obstacle_4, sprint2_obstacle_5, sprint2_timed_cluster_1,
          sprint2_smallroom_cluster_1, sprint2_smallroom_final_cluster_1,
          sprint2_transparent_cluster_1, sprint2_second_timed_cluster_1,
          sprint2_sniper_area_1, sprint2_heavy_combat_area_1,
          sprint2_mutation_trap_area_1, sprint2_forest_area_1,
          sprint2_light_combat_area_1, sprint2_behind_water_1,
          sprint2_near_end_vault_1]

Skill      XL: |  1  2  3  4  5  6  7  8  9 10 11 12 13 14 15 16 17 |
---------------+----------------------------------------------------+-----
Short Blades   | 6 8 9 11 12 13 | 13.2
Stealth        | 8 10 13 15 17 18 20 22 23 25 27 | 27.0
Fighting       | 5 8 10 13 15 16 18 22 | 22.7
Dodging        | 5 9 12 15 17 21 25 26 27 | 27.0
Evocations     | 5 6 7 8 |  8.0
Armour         | 4 10 11 14 | 14.1

Action                   |  1- 3 |  4- 6 |  7- 9 | 10-12 | 13-15 | 16-18 || total
-------------------------+-------+-------+-------+-------+-------+-------++-------
Melee: Short sword       |     6 |    43 |   112 |   143 |       |    17 ||   321
       Dagger            |       |       |    14 |    28 |       |       ||    42
       Rapier            |       |       |       |     7 |   227 |   115 ||   349
       Knife             |       |       |       |       |       |     1 ||     1
Invok: Berserk           |     1 |     2 |     5 |     9 |     8 |     2 ||    27
       Trog's Hand       |       |     1 |     5 |     2 |     8 |     5 ||    21
       Brothers in Arms  |       |       |     2 |     4 |     7 |     7 ||    20
 Abil: Evoke Blink       |       |       |       |       |     4 |     1 ||     5
Evoke: Wand              |       |       |     4 |       |     1 |     6 ||    11
  Use: Scroll            |       |       |     6 |     4 |     4 |     8 ||    22
       Potion            |       |       |     1 |     1 |     9 |     6 ||    17
 Stab: Sleeping          |       |       |     3 |    15 |    23 |    13 ||    54
       Distracted        |       |       |       |     1 |     4 |     3 ||     8
       Paralysed         |       |       |       |       |     1 |       ||     1
Armor: Animal skin       |     1 |     1 |    23 |     3 |       |       ||    28
       Troll leather arm |       |       |       |     9 |     1 |       ||    10
       Ring mail         |       |       |       |       |    15 |     4 ||    19
       Scale mail        |       |       |       |       |       |     4 ||     4
       Skin              |       |       |       |       |       |     8 ||     8
Dodge: Dodged            |     1 |    20 |    46 |   101 |   122 |    70 ||   360

Table legend: (Time is in decaauts)
 A = Elapsed time spent in this place.
 B = Non-inter-level travel time spent in this place.
 C = Inter-level travel time spent in this place.
 D = Time resting spent in this place.
 E = Time spent auto-exploring this place.
 F = Levels seen in this place.
 G = Mean time per level.
                   A        B        C        D        E       F      G
               +--------+--------+--------+--------+--------+-----+--------+
         Total |   6500 |   6163 |    337 |   3259 |      0 |   1 | 6500.0 |
       Dungeon |   6500 |   6163 |    337 |   3259 |      0 |   1 | 6500.0 |
               +--------+--------+--------+--------+--------+-----+--------+

Top non-repeatable levels by time:
       D: 6500 daAuts
